[Event "Late-Titled-Tuesday-Blitz-May-28-2024"]
[Site "Chess.com"]
[Date "2024.05.28"]
[Round "5"]
[White "ATM622"]
[Black "Eloist"]
[Result "1-0"]
[WhiteElo "2590"]
[BlackElo "2450"]
[TimeControl "180+1"]
[EndTime "14:57:00 PDT"]
[Termination "ATM622 won by resignation"]

1. d4 e6 2. c4 Nf6 3. g3 d5 4. Bg2 c5 5. cxd5 Nxd5 6. Nf3 cxd4 7. O-O Bc5 8. Nxd4 O-O 9. a3 Bb6 10. b4 Nxb4 11. Bb2 N4c6 12. Nxc6 Nxc6 13. Qa4 Bd7 14. Qe4 Qe7 15. Nc3 Rac8 16. Rad1 Rfd8 17. h4 Be8 18. h5 h6 19. Na4 f5 20. Qb1 Bxh5 21. Nxb6 axb6 22.
f3 Qg5 23. Kf2 f4 24. g4 Qh4+ 25. Kg1 Bf7 26. Qe4 e5 27. e3 Qg5 28. Bc1 fxe3 29.
Bxe3 Qf6 30. Bxb6 Rxd1 31. Rxd1 h5 32. Be3 Bg6 33. Qd5+ Bf7 34. Qe4 Bg6 35. Qc4+ Bf7 36. Qb5 Nd4 37. Bxd4 exd4 38. Qxb7 Rc2 39. Qe4 Bg6 40.
Qxd4 Qe6 41. Kh1 Qe2 42. Rg1 Rd2 43. Qf4 hxg4 44. Qxg4 Ra2 45. Qxg6 Qf2 46. Qe8+ Kh7 47. Qh5+ Kg8 48. Qh2 Rxa3 49. Qb8+ Kh7 50. Qh2+ Kg8 51. Rf1 Qd2 52. Bh3 Qd3 53. Qb8+ Kh7 54. Qg3 Ra2 55.
Rg1 Qd4 56. Bf5+ Kh8 57. Qh3+ Kg8 58. Be6+ Kf8 59. Bxa2 1-0

[Event "Late-Titled-Tuesday-Blitz-May-28-2024"]
[Site "Chess.com"]
[Date "2024.05.28"]
[Round "5"]
[White "ccccvhhhj"]
[Black "GoValya"]
[Result "1-0"]
[WhiteElo "2452"]
[BlackElo "2227"]
[TimeControl "180+1"]
[EndTime "14:57:01 PDT"]
[Termination "ccccvhhhj won by resignation"]

1. e4 e6 2. Nf3 d5 3. e5 c5 4. b4 Nc6 5. bxc5 Bxc5 6. d4 Bb4+ 7. c3 Ba5 8. Bd3 h6 9. O-O Nge7 10.
Ne1 Bd7 11. Qg4 g6 12. Qh3 Nf5 13. Bxf5 exf5 14. f4 Qb6 15. Qe3 Rc8 16. Nd2 Bxc3 17. Qxc3 Nxd4 18. Qe3 Bb5 19. Kh1 Bxf1 20. Nxf1 Nc2 21.
Nxc2 Rxc2 22. Qxb6 axb6 23. Ne3 Re2 24. Kg1 d4 25.
Kf1 d3 26. Ba3 Kd7 27. Nd5 Kc6 28. Nb4+ Kb5 29. Nxd3 Re3 30. Rb1+ Kc4 31. Nb2+ Kd4 32. Bd6 Rc8 33. Rd1+ Ke4 34. Na4 Rc2 35. Nxb6 Ree2 36. Re1 Ke3 37. Rxe2+ Rxe2 38. Bc5+ Kd3 39. Nd5 Rb2 40.
Nb4+ Kc4 41. Bd6 Rxb4 42. Bxb4 Kxb4 43. h3 Ka3 44. g4 fxg4 45. hxg4 Kxa2 46. f5 gxf5 47.
gxf5 b5 48. e6 fxe6 49. fxe6 b4 50. e7 b3 51. e8=Q b2 52. Qa8+ Kb1 53. Ke2 Kc1 54.
Qc6+ Kb1 55. Kd2 Ka1 56. Qa6+ Kb1 57. Qf1+ Ka2 58. Kc2 Ka3 59. Qb1 1-0

[Event "Late-Titled-Tuesday-Blitz-May-28-2024"]
[Site "Chess.com"]
[Date "2024.05.28"]
[Round "5"]
[White "Alina_Gumerovna"]
[Black "Robert_Oros"]
[Result "0-1"]
[WhiteElo "2182"]
[BlackElo "2442"]
[TimeControl "180+1"]
[EndTime "14:57:01 PDT"]
[Termination "Robert_Oros won on time"]

1. e4 e6 2. d4 d5 3. exd5 exd5 4. Bd3 Nf6 5. h3 c5 6. dxc5 Bxc5 7. Qe2+ Be6 8. Bf5 O-O 9. Bxe6 fxe6 10. Nf3 Nc6 11. Bg5 Qb6 12. Qxe6+ Kh8 13. O-O Ne4 14. Bh4 Rxf3 15.
gxf3 Nd4 16. Qxb6 Nxf3+ 17. Kh1 axb6 18. Bg3 Bd4 19. c3 Bf6 20. Kg2 Nfg5 21. Na3 Nxc3 22. bxc3 Rxa3 23. Rfd1 h6 24. Rxd5 Rxc3 25. Rb1 Rc2 26.
Rxb6 Rxa2 27. Rxb7 Ne4 28. Rb8+ Kh7 29. Rf5 Kg6 30. Rf3 Kh7 31. Rb6 Rc2 32. Re6 Ng5 33. Rfe3 Nxe6 34. Rxe6 Bd4 35. Re4 Rd2 36. Kf3 Kg6 37.
Rg4+ Kf7 38. Rf4+ Ke6 39. Re4+ Kd5 40. Re7 Rd3+ 41. Ke2 Ra3 42. Rd7+ Kc4 43. Rc7+ Kb5 44. Rb7+ Kc6 45. Rc7+ Kd5 46. Rd7+ Ke4 47. Re7+ Kf5 48. Rd7 Bf6 49. Rd5+ Ke6 50. Rb5 Ra2+ 51. Kf3 g5 52.
Rb3 h5 53. Rb6+ Kf7 54. Rb7+ Kg6 55. Rb3 h4 56. Bd6 Bd4 0-1

[Event "Late-Titled-Tuesday-Blitz-May-28-2024"]
[Site "Chess.com"]
[Date "2024.05.28"]
[Round "5"]
[White "dennisodessa"]
[Black "Fonsofan"]
[Result "0-1"]
[WhiteElo "2552"]
[BlackElo "2782"]
[TimeControl "180+1"]
[EndTime "14:57:03 PDT"]
[Termination "Fonsofan won by checkmate"]

1. d4 f5 2. c4 Nf6 3. Nf3 g6 4. g3 Bg7 5. Bg2 O-O 6. O-O d6 7. Nc3 Nc6 8. Qb3 Kh8 9. Rd1 Bd7 10. d5 Na5 11. Qb4 c5 12. dxc6 Nxc6 13. Qxb7 Na5 14. Qa6 Rc8 15. Nd2 Ng4 16. Qxa7 f4 17. gxf4 Rxf4 18.
Nf3 Rfxc4 19. h3 Ra8 20. Qxa8 Qxa8 21. Ne5 Qa7 22. Nxg4 Bxg4 23. Be3 Qb8 24. hxg4 Qxb2 25. Nd5 Qxa1 26. Rxa1 Bxa1 27. Nxe7 Rxg4 28. Kh2 Ra4 29. Bd5 Bf6 30. Nc8 Nc4 31. Bf4 Be5 32. Bxe5+ dxe5 33. Ne7 Kg7 34. Nc6 Kf6 35. Kg2 h5 36. Kg3 Nd6 37.
e3 Nf5+ 38. Kg2 g5 39. Nd8 Nh4+ 40. Kg3 Nf5+ 41. Kg2 g4 42. Bb3 Ra8 43. Ne6 h4 44. Nc5 Nd6 45. Kh2 Kg5 46. Nd3 Ne4 47. Nxe5 Rf8 48. Kg2 Rxf2+ 49. Kg1 Rb2 50. Nf7+ Kf6 51. Nh6 Rb1+ 52. Kg2 Rb2+ 53. Kg1 Kg5 54. Nxg4 Kxg4 55.
Be6+ Kg3 56. Kf1 Nc3 57. Ke1 h3 58. Bxh3 Kxh3 59. e4 Rxa2 60. e5 Re2+ 61. Kf1 Rxe5 62. Kf2 Kg4 63. Kg2 Re2+ 64. Kf1 Kg3 65. Kg1 Re1# 0-1

[Event "Late-Titled-Tuesday-Blitz-May-28-2024"]
[Site "Chess.com"]
[Date "2024.05.28"]
[Round "5"]
[White "ural58"]
[Black "ahkashefi2800"]
[Result "1-0"]
[WhiteElo "2429"]
[BlackElo "2550"]
[TimeControl "180+1"]
[EndTime "14:57:03 PDT"]
[Termination "ural58 won by checkmate"]

1. e4 c6 2. Nc3 d5 3. Nf3 dxe4 4. Nxe4 Nd7 5. Qe2 Ndf6 6. d4 Bg4 7. c3 Nxe4 8. Qxe4 Nf6 9. Qd3 e6 10. Bg5 Qa5 11. Ne5 Bf5 12. Qc4 Qd5 13. f3 Qxc4 14.
Nxc4 Be7 15. h4 h6 16. Bd2 Nd7 17.
Ne3 Bh7 18. a4 O-O-O 19. a5 a6 20. g3 e5 21. Bh3 exd4 22. cxd4 Kb8 23. Nc4 Nf6 24.
Bf4+ Ka8 25. Be5 Bb4+ 26. Kf2 Rhe8 27. Rhd1 Bc2 28. Rdc1 Bb3 29. Nb6+ Ka7 30. Bf5 Rg8 31. Bxf6 gxf6 32. Nd7 Bd6 33. f4 Be7 34. Re1 Rde8 35. Re3 Bd8 36. Rxb3 Re7 37. Nxf6 Rh8 38. Ne4 Rg8 39.
Ra4 f6 40. Nc5 Rge8 41. Rab4 Re2+ 42. Kf3 Bxa5 43. Rxb7+ Ka8 44. Ra3 h5 45. g4 Rh2 46.
gxh5 Ree2 47. h6 Ref2+ 48. Kg4 Rfg2+ 49. Kh5 Rh1 50. Rxa5 Rgh2 51. Rxa6# 1-0

[Event "Late-Titled-Tuesday-Blitz-May-28-2024"]
[Site "Chess.com"]
[Date "2024.05.28"]
[Round "5"]
[White "GMthekingindian"]
[Black "WilsonPalencia21"]
[Result "1/2-1/2"]
[WhiteElo "2339"]
[BlackElo "2585"]
[TimeControl "180+1"]
[EndTime "14:57:04 PDT"]
[Termination "Game drawn - insufficient material"]

1. d4 Nf6 2. Nf3 c5 3. d5 g6 4. Nc3 Bg7 5. e4 d6 6. Bc4 Na6 7. O-O Nc7 8. h3 a6 9. a4 Nd7 10.
Bf4 Rb8 11. a5 b5 12. axb6 Rxb6 13. Na4 Rb4 14. Qe2 O-O 15. Bd2 Rb8 16. Bc3 Bxc3 17.
Nxc3 Rxb2 18. Bb3 c4 19. Qxc4 Nc5 20. Nd4 Bd7 21. Nd1 Rxb3 22. cxb3 Nxe4 23. Qe2 Nf6 24. Nc6 Bxc6 25. dxc6 e6 26. Ne3 d5 27. Rfc1 Qd6 28.
Ng4 Nxg4 29. Qxg4 Rb8 30. Qa4 Rb6 31. Rab1 Qb4 32. Qxb4 Rxb4 33. Rc5 Kf8 34. Ra5 Ke7 35. Ra4 Rb6 36. Rc1 Kd6 37. Rh4 h5 38. b4 Rxc6 39. Rxc6+ Kxc6 40. g4 hxg4 41. hxg4 Ne8 42. g5 Nd6 43.
Rf4 e5 44. Rf6 d4 45. Kf1 Kd5 46. Ke2 e4 47. f3 e3 48. Kd3 Ke5 49. f4+ Kd5 50. f5 gxf5 51. g6 fxg6 52. Rxg6 Ne4 53. Rxa6 Nf2+ 54. Ke2 Kc4 55. Rd6 Ne4 56. Rd8 Nc3+ 57.
Kf3 Nb5 58. Kf4 Kxb4 59. Kxf5 e2 60. Re8 d3 61. Kf4 Kc3 62. Kf3 Nd4+ 63. Kf2 Nc2 64.
Rxe2 dxe2 65. Kxe2 1/2-1/2

[Event "Late-Titled-Tuesday-Blitz-May-28-2024"]
[Site "Chess.com"]
[Date "2024.05.28"]
[Round "5"]
[White "ChessSwole"]
[Black "jlf287"]
[Result "0-1"]
[WhiteElo "2674"]
[BlackElo "2524"]
[TimeControl "180+1"]
[EndTime "14:57:06 PDT"]
[Termination "jlf287 won by resignation"]

1. Nf3 Nf6 2. g3 b6 3. Bg2 Bb7 4. c4 g6 5. d4 Bg7 6. O-O O-O 7.
Nc3 Ne4 8. Qc2 Nxc3 9. Qxc3 c5 10. Be3 Nc6 11. Rfd1 Qc8 12. Rac1 cxd4 13. Nxd4 Nxd4 14. Bxd4 Bxd4 15. Qxd4 d6 16. e4 Qc5 17. Qd2 Rac8 18. b4 Qe5 19. f4 Qe6 20. Qd4 Rc7 21. Rc3 Rfc8 22. Rdc1 Ba6 23. Bf1 Bb7 24. Bg2 Ba6 25. Bf1 Bb7 26. Bd3 Qf6 27. Qxf6 exf6 28. Kf2 Re8 29. Re1 Rce7 30. c5 dxc5 31. bxc5 bxc5 32. Rxc5 Bxe4 33. Bxe4 Rxe4 34. Rxe4 Rxe4 35. Ra5 Re7 36. Kf3 f5 37. h3 Rc7 38. Ra3 Kf8 39. g4 fxg4+ 40.
hxg4 Kg7 41. g5 h5 42. gxh6+ Kxh6 43. Kg4 Kg7 44. Ra6 Kf8 45. Ra5 Ke7 46. Kg5 Rb7 47. Re5+ Kf8 48. Ra5 Kg7 49. Ra6 Rb5+ 50. Kg4 Rb7 51.
Kg5 Rc7 52. Ra5 Rd7 53. Ra6 Re7 54. Ra5 Rc7 55. Ra6 Rb7 56. Ra5 Kg8 57. Kf6 Rb6+ 58. Kg5 a6 59. Kg4 Kg7 60. Kg5 Rb5+ 61. Rxb5 axb5 62.
a3 f6+ 63. Kg4 Kf7 64. Kf3 Ke6 65. Ke4 g5 66. fxg5 fxg5 67. Kf3 Kd5 68. Kg4 Kc4 69. Kxg5 Kb3 70. Kf4 Kxa3 71. Ke3 b4 72. Kd2 b3 73. Kc1 Ka2 0-1

[Event "Late-Titled-Tuesday-Blitz-May-28-2024"]
[Site "Chess.com"]
[Date "2024.05.28"]
[Round "5"]
[White "northridgehawk"]
[Black "GoltsevDmitry2000"]
[Result "1-0"]
[WhiteElo "2361"]
[BlackElo "2708"]
[TimeControl "180+1"]
[EndTime "14:57:09 PDT"]
[Termination "northridgehawk won by checkmate"]

1. e4 e6 2. Nc3 d5 3. Nf3 d4 4.
Ne2 c5 5. c3 Nc6 6. cxd4 cxd4 7.
Qa4 Bd7 8. Nexd4 Nb4 9. Qb3 Rc8 10. a3 Na6 11. Bxa6 bxa6 12. O-O Nf6 13. d3 Bc5 14.
Be3 O-O 15. Rac1 Bb6 16. Ne5 Be8 17. Rxc8 Qxc8 18. Rc1 Qb8 19. Ndc6 Qc7 20. Bf4 Nh5 21. Bg5 h6 22. Ne7+ Kh7 23. Rxc7 Bxc7 24. Qc3 Bd6 25. Bh4 g5 26. Nc8 Nf4 27. Qa5 Bb5 28. Nxd6 gxh4 29. Nxb5 axb5 30. Qxb5 Rc8 31. h3 Rg8 32. Ng4 Rg5 33. Qd7 Kg7 34. Qd4+ e5 35. Qd6 Ne6 36. Nxe5 Nf4 37. Ng4 Ne6 38. d4 h5 39. Ne3 Rg6 40. Nf5+ Kh7 41. Qe7 Ng5 42. Kf1 Kg8 43. Nxh4 Rg7 44.
Nf5 Rg6 45. d5 a6 46. d6 Ne6 47. d7 h4 48. Qxe6 Rxe6 49. d8=Q+ Kh7 50. Qg5 Rg6 51.
Qxg6+ Kxg6 52. Nxh4+ Kf6 53. Nf3 a5 54. h4 a4 55. g4 Kg6 56. h5+ Kh6 57. Kg2 Kg7 58. Kg3 Kf6 59. Kf4 Kg7 60. e5 Kf8 61. Kf5 Kg7 62.
e6 f6 63. h6+ Kf8 64. h7 Ke7 65. h8=Q Kd6 66. Qxf6 Kc5 67. Qc3+ Kb6 68. e7 Kb7 69.
e8=Q Ka6 70. Qxa4+ Kb6 71. Qcc6# 1-0

[Event "Late-Titled-Tuesday-Blitz-May-28-2024"]
[Site "Chess.com"]
[Date "2024.05.28"]
[Round "5"]
[White "Zorbos"]
[Black "Kirill_Klukin"]
[Result "1-0"]
[WhiteElo "2745"]
[BlackElo "2883"]
[TimeControl "180+1"]
[EndTime "14:57:12 PDT"]
[Termination "Zorbos won by resignation"]

1. e4 e6 2. d4 d5 3. Nc3 Nf6 4. Bg5 dxe4 5. Nxe4 Be7 6. Bxf6 gxf6 7. Nf3 f5 8. Nc3 a6 9. Bc4 b5 10. Bb3 Bb7 11.
Qe2 b4 12. Nd1 Nd7 13. d5 exd5 14. Ne3 Nf6 15. Nxf5 Qd7 16. Qe5 Kf8 17. O-O-O Re8 18. Qf4 h5 19. Ne5 Qd8 20. Kb1 Bd6 21. Rhe1 Re6 22.
Qg5 Rh7 23. Ng6+ Ke8 24. Nxd6+ cxd6 25. Nf4 Rxe1 26. Rxe1+ Kf8 27. Re6 Rg7 28. Qxf6 Qxf6 29. Rxf6 Ke7 30. Rf5 d4 31. f3 h4 32. h3 Bxf3 33.
Rxf7+ Rxf7 34. Bxf7 Be4 35. Bh5 Kf6 36. Bf3 Bf5 37.
Nd5+ Ke5 38. Nxb4 Kf4 39. Nxa6 Bxh3 40. Nb4 Bf5 41. Ba8 h3 42. Nd3+ Ke3 43. g3 Kd2 44.
Bh1 Ke3 45. Nf4 Bg4 46. Nxh3 Bxh3 47. a4 Bd7 48. a5 Bc8 49. b4 Ba6 50. Bc6 d3 51. cxd3 Bxd3+ 52. Kb2 Kd4 53. b5 Kc5 54. g4 d5 55. g5 d4 56. Kc1 Bg6 57. a6 Kb6 58.
Kd2 Bf5 59. Bd5 Bg6 60. Bc4 Bf5 61. Bd3 Be6 62. g6 Bg8 63. g7 Bf7 64. Bh7 Kxb5 65.
a7 Be6 66. a8=Q 1-0

[Event "Late-Titled-Tuesday-Blitz-May-28-2024"]
[Site "Chess.com"]
[Date "2024.05.28"]
[Round "5"]
[White "bancsoo"]
[Black "Oleg_Papayan"]
[Result "1/2-1/2"]
[WhiteElo "2904"]
[BlackElo "2604"]
[TimeControl "180+1"]
[EndTime "14:57:12 PDT"]
[Termination "Game drawn - insufficient material"]

1. Nf3 Nf6 2. d4 d5 3. g3 c5 4.
Bg2 cxd4 5. O-O h6 6. b3 g6 7. Bb2 Bg7 8. Nxd4 O-O 9. e3 e5 10. Nf3 e4 11. Nd4 Nc6 12. Nd2 Bg4 13.
Qb1 Ne5 14. Ne6 fxe6 15. Bxe5 Nd7 16. Bxg7 Kxg7 17. Qb2+ Qf6 18. Qxf6+ Rxf6 19. Rae1 Rc8 20. c4 Ne5 21. h3 Bf3 22. Bxf3 Nxf3+ 23. Nxf3 Rxf3 24.
Rd1 Rc5 25. Rd4 Kf6 26. Rc1 Ke5 27. b4 Rc6 28. c5 b6 29. Rd2 Rf7 30. Rdc2 b5 31.
Rc3 Ra6 32. a3 Rc7 33. Kf1 Ra4 34. Ke2 a5 35. Rb3 axb4 36. axb4 Rc6 37. Rc2 d4 38.
exd4+ Kxd4 39. Rd2+ Kc4 40. Re3 Kxb4 41. Rxe4+ Kxc5 42. Re5+ Kb6 43. Rd8 Ra2+ 44. Kf3 Ra3+ 45. Kg2 Rb3 46.
Rb8+ Ka5 47. Ra8+ Kb6 48. Re8 b4 49. R8xe6 Rc3 50. Re8 b3 51. Rb8+ Kc7 52. Reb5 Kd6 53. Rxb3 Rxb3 54. Rxb3 Ke6 55. Re3+ Kf6 56. h4 h5 57. Ra3 Rd6 58. Ra5 Kg7 59. Kf3 Rf6+ 60. Ke4 Rxf2 61. Rg5 Kf6 62. Ke3 Rf5 63. Rxf5+ Kxf5 64. Kf3 g5 65. hxg5 Kxg5 66. Kf2 Kg4 67. Kg2 h4 68.
gxh4 Kxh4 1/2-1/2

[Event "Late-Titled-Tuesday-Blitz-May-28-2024"]
[Site "Chess.com"]
[Date "2024.05.28"]
[Round "5"]
[White "DonMicheleCorleone"]
[Black "Jarming"]
[Result "1/2-1/2"]
[WhiteElo "2503"]
[BlackElo "2643"]
[TimeControl "180+1"]
[EndTime "14:57:13 PDT"]
[Termination "Game drawn - insufficient material"]

1. e4 c5 2. c3 g6 3. d4 cxd4 4. cxd4 d5 5. exd5 Nf6 6. Nc3 Nxd5 7. Qb3 Nb6 8. Be3 Bg7 9. O-O-O O-O 10. h4 Nc6 11. h5 Bg4 12. Be2 Bxe2 13. Ngxe2 Rc8 14. hxg6 hxg6 15. Kb1 Na5 16. Qb5 Nac4 17. Bc1 Qd7 18.
Qg5 Qf5+ 19. Qxf5 gxf5 20. Ng3 e6 21. Nh5 Rfd8 22. Bg5 Rd6 23. Nf6+ Kf8 24. Rh7 Nd7 25. Nxd7+ Rxd7 26. Rdh1 Rxd4 27. Rh8+ Bxh8 28. Rxh8+ Kg7 29. Rxc8 Rg4 30. g3 Nb6 31. Rc7 Rxg5 32. Rxb7 f4 33. gxf4 Rg4 34. Rxa7 Rxf4 35. Rb7 Nc4 36. Nd1 Re4 37.
Kc2 Re1 38. a4 Nd6 39. Rb6 Nf5 40. a5 Re2+ 41. Kd3 Re1 42. Kd2 Re5 43. b4 Rd5+ 44. Kc1 Nd6 45. Nc3 Rd4 46. Kc2 Nc4 47. Rb7 Rd2+ 48.
Kb3 Ne5 49. a6 Nc6 50. a7 Rd8 51. b5 Na5+ 52. Kb4 Nxb7 53. b6 Rd2 54. Nb5 Rb2+ 55.
Kc4 Ra2 56. Nc7 Nd6+ 57. Kc5 Ne4+ 58. Kc6 Rc2+ 59. Kd7 Nc5+ 60. Kc8 Ra2 61. a8=Q Rxa8+ 62. Nxa8 f5 63. Kc7 Kf6 64. Kc6 Na6 65. Nc7 Nb8+ 66.
Kd6 e5 67. Nd5+ Kg5 68. Kxe5 Nd7+ 69. Kd6 Nxb6 70. Nxb6 Kf4 71. Nd5+ Kf3 72. Ke5 Kxf2 73. Kxf5 1/2-1/2

[Event "Late-Titled-Tuesday-Blitz-May-28-2024"]
[Site "Chess.com"]
[Date "2024.05.28"]
[Round "5"]
[White "ManMish2"]
[Black "stollenmonster"]
[Result "1-0"]
[WhiteElo "2685"]
[BlackElo "2843"]
[TimeControl "180+1"]
[EndTime "14:57:15 PDT"]
[Termination "ManMish2 won by resignation"]

1. e4 c5 2. c3 Nf6 3. e5 Nd5 4. d4 cxd4 5. Nf3 Nc6 6. Bc4 Nb6 7. Bb3 g6 8. cxd4 Bg7 9. O-O O-O 10. Nc3 d6 11.
exd6 Bg4 12. dxe7 Qxe7 13. Be3 Rad8 14. h3 Bxf3 15. Qxf3 Nxd4 16. Bxd4 Rxd4 17. Rfe1 Qd7 18. Ne4 Qe7 19. Rac1 Qe5 20. Re2 Kh8 21. Rce1 h6 22.
Nc3 Qf4 23. Qxb7 Rd2 24. Qe4 Rxe2 25. Rxe2 Qc1+ 26. Kh2 Nd7 27. Nd5 Nc5 28. Qf3 Nxb3 29. Qxb3 Qc5 30. Ne3 Qd6+ 31. g3 Kg8 32. Nd5 Rb8 33.
Ne7+ Kf8 34. Qf3 Rxb2 35. Nxg6+ Kg8 36. Qa8+ Kh7 37. Rxb2 Bxb2 38. Nf4 Be5 39. Qe4+ Kg7 40. Nd3 Bf6 41. Qe2 Qd4 42. Qg4+ Qxg4 43. hxg4 Bd4 44. f4 Kf6 45. Kg2 Ke6 46. Kf3 Kd5 47. f5 Kc4 48.
Ke4 Ba1 49. Nf4 Kb4 50. Nd5+ Ka3 51. Ne3 Kxa2 52. Nc4 Kb3 53. Kd5 Kb4 54. Nd6 a5 55. Nxf7 a4 56. Nxh6 a3 57. g5 a2 58. f6 Bc3 59. f7 Bg7 60. Nf5 Bf8 61. Ne3 a1=Q 62.
Nc2+ Kb3 63. Nxa1+ 1-0

[Event "Late-Titled-Tuesday-Blitz-May-28-2024"]
[Site "Chess.com"]
[Date "2024.05.28"]
[Round "5"]
[White "alexrustemov"]
[Black "Alphafischer2019"]
[Result "1-0"]
[WhiteElo "2853"]
[BlackElo "2662"]
[TimeControl "180+1"]
[EndTime "14:57:16 PDT"]
[Termination "alexrustemov won by checkmate"]

1. d4 Nf6 2. c4 b6 3. Nf3 Bb7 4. g3 g6 5. Bg2 Bg7 6. O-O O-O 7. d5 Na6 8. Nc3 Nc5 9. Re1 d6 10. e4 e5 11. Rb1 a5 12. b3 h6 13. a3 Nh7 14. b4 Nd7 15. Be3 axb4 16. axb4 f5 17. exf5 gxf5 18. Qd2 Qf6 19. Nb5 Rac8 20. Ra1 e4 21. Nfd4 Ne5 22. Qc2 c6 23. dxc6 Bxc6 24.
Na7 Rc7 25. Naxc6 Nxc6 26. Nxc6 Rxc6 27. Qb3 Qf7 28. Ra6 Rxc4 29. Bf1 Rc3 30. Qxf7+ Kxf7 31. Rxb6 Be5 32. Bxh6 Rfc8 33. Be3 Nf6 34. Bh3 Nd5 35. Bxf5 Nxb6 36. Bxb6 Rc1 37. Rxc1 Rxc1+ 38. Kg2 d5 39. Bc5 Rb1 40. h4 Rb2 41. h5 Kf6 42. g4 Kg5 43. Be7+ Bf6 44. Bc5 d4 45. Bxe4 Kxg4 46. h6 Kg5 47. h7 Kh6 48. Kf3 Kg7 49. Bd3 Rb3 50. Ke4 Rb2 51. f4 Kxh7 52. b5 Kg7 53. b6 Bd8 54. Bxd4+ Kf8 55. Bxb2 Bxb6 56. f5 Bd8 57.
Be5 Kg8 58. Bc4+ Kf8 59. f6 Ke8 60. f7+ Kf8 61. Bd6+ Be7 62. Bxe7+ Kxe7 63. Kf5 Kf8 64. Kg6 Ke7 65. Kg7 Kd7 66. f8=Q Kc7 67. Qc5+ Kd7 68. Kf6 Ke8 69. Qe7# 1-0

[Event "Late-Titled-Tuesday-Blitz-May-28-2024"]
[Site "Chess.com"]
[Date "2024.05.28"]
[Round "5"]
[White "attack2mateU"]
[Black "Itay121"]
[Result "1/2-1/2"]
[WhiteElo "2686"]
[BlackElo "2541"]
[TimeControl "180+1"]
[EndTime "14:57:16 PDT"]
[Termination "Game drawn by repetition"]

1. e4 c5 2. Nf3 d6 3. d4 cxd4 4. Nxd4 Nf6 5. Nc3 Nc6 6. Bg5 e6 7. Qd2 Be7 8. O-O-O O-O 9. f4 a6 10. Kb1 Nxd4 11. Qxd4 b5 12. Bd3 Bb7 13. Rhe1 Re8 14.
g4 Qc7 15. e5 dxe5 16. fxe5 Nd5 17. Ne4 Bf8 18. Qf2 Rac8 19. Qh4 h6 20. Nf6+ gxf6 21. Bxh6 Nb4 22. Bh7+ Kxh7 23. Bxf8+ Kg8 24. Bxb4 Qxc2+ 25. Ka1 fxe5 26. Qg5+ Qg6 27. Qxg6+ fxg6 28. Rd7 Bd5 29. Bc3 Red8 30. Ra7 Ra8 31. Rxa8 Rxa8 32. Rxe5 Rf8 33. b3 Rf2 34. h4 Rc2 35. Bd4 Kf7 36. Kb1 Rg2 37. Rg5 Bf3 38. h5 Rxg4 39. hxg6+ Kg8 40.
Rxg4 Bxg4 41. Be5 Bf5+ 42. Kb2 Bxg6 43. Kc3 Kf7 44. Kb4 Bb1 45. Ka5 Bxa2 46. b4 Bc4 47. Kxa6 Kg6 48. Kb6 Kf5 49. Bb2 e5 50. Kc5 Kf4 51.
Ba1 e4 52. Kd4 e3 53. Bc3 e2 54. Be1 Kf3 55. Kc3 Ke3 56. Bh4 Ke4 57. Be1 Be6 58. Bh4 Kd5 59. Be1 Bg4 60. Bh4 Ke4 61. Be1 Kf3 62. Bh4 Kg2 63. Kd2 Kf1 64. Bg3 Be6 65. Bh4 Bc4 66. Bg3 Kg2 67. Be1 Kf3 68. Kc3 Ke4 69.
Bh4 Ke3 70. Be1 Kf3 71. Bh4 Kg4 72. Be1 Kh3 73. Kd2 Kg2 74. Bh4 Kf3 75. Be1 Ke4 76.
Kc3 Ke3 77. Bh4 Ba2 78. Be1 Bb1 79. Bh4 Bd3 80. Be1 Ke4 81. Bh4 Bc4 82. Be1 1/2-1/2

[Event "Late-Titled-Tuesday-Blitz-May-28-2024"]
[Site "Chess.com"]
[Date "2024.05.28"]
[Round "5"]
[White "DirtyKabab"]
[Black "GMG"]
[Result "0-1"]
[WhiteElo "2562"]
[BlackElo "2810"]
[TimeControl "180+1"]
[EndTime "14:57:17 PDT"]
[Termination "GMG won on time"]

1. e4 e5 2. Nf3 Nc6 3. Bb5 a6 4.
Ba4 Nf6 5. O-O b5 6. Bb3 Bb7 7. d3 Bc5 8. Nc3 d6 9. a3 h6 10.
Be3 O-O 11. h3 Kh8 12. Qd2 Bxe3 13. fxe3 Nd7 14. Nh2 Qe8 15. Qf2 f6 16. Qh4 Ne7 17. Rf2 c6 18. Raf1 d5 19. Ng4 Qg6 20. exd5 cxd5 21. e4 dxe4 22. dxe4 Qg5 23. Qxg5 hxg5 24. Nd5 Nxd5 25. Bxd5 Bxd5 26. exd5 Rfc8 27. Ne3 Rc5 28. Rd2 g6 29. g4 Kg7 30. Kg2 Kf7 31. Kg3 Ke7 32.
h4 gxh4+ 33. Kxh4 Rh8+ 34. Kg3 Kd6 35. Rdf2 Ke7 36. Rd2 Rh7 37. Rdf2 Rc8 38. Rh2 Rxh2 39. Kxh2 Kd6 40. Kg3 Rh8 41. Rd1 Rf8 42. Rf1 Nc5 43.
Rh1 f5 44. gxf5 gxf5 45. Rh6+ Kd7 46. Kf3 f4 47. Ng4 e4+ 48. Kf2 e3+ 49. Kf3 Na4 50.
Ne5+ Kd8 51. Rd6+ Kc7 52. Rc6+ Kb7 53. Nd7 Re8 54. Re6 Rd8 55. Nf6 Nxb2 56. Kxf4 Nc4 57. Re4 Rf8 58. Re7+ Kb6 59. Kf5 Kc5 60. Re4 Nd6+ 61. Ke5 Nxe4 62. Nxe4+ Kc4 63. Ng3 Re8+ 0-1

[Event "Late-Titled-Tuesday-Blitz-May-28-2024"]
[Site "Chess.com"]
[Date "2024.05.28"]
[Round "5"]
[White "colegiodemadrid"]
[Black "juancruzarias"]
[Result "1/2-1/2"]
[WhiteElo "2510"]
[BlackElo "2658"]
[TimeControl "180+1"]
[EndTime "14:57:18 PDT"]
[Termination "Game drawn - insufficient material"]

1. d4 d5 2. c4 e6 3. Nc3 Nf6 4. cxd5 exd5 5. Bg5 c6 6. e3 h6 7. Bh4 Be7 8. Bd3 O-O 9. h3 Ne4 10. Bxe7 Qxe7 11. Nf3 Bf5 12. O-O Nd7 13. Qc2 Rfe8 14.
Nd2 Nxd2 15. Qxd2 Bxd3 16. Qxd3 Nb6 17. b3 Nc8 18. a4 Nd6 19. Rac1 a6 20. Qc2 Qg5 21. Ne2 g6 22. Nf4 h5 23. Nd3 Re7 24.
Nc5 Rae8 25. Rce1 Nf5 26. Nd3 Nh4 27. f4 Qf6 28. Ne5 Nf5 29. Rf3 Nd6 30. b4 Qf5 31. Qxf5 Nxf5 32. g4 hxg4 33. hxg4 Nd6 34. Kf2 Kg7 35. Rh3 f6 36. Nd3 Ne4+ 37. Kg2 Rh8 38. Rxh8 Kxh8 39. Nc5 Nd6 40. Kf3 Kg7 41. Rg1 Nc4 42.
Re1 Nd6 43. a5 Re8 44. Rh1 Nc4 45. Re1 Re7 46. Kf2 Na3 47. Rc1 Nb5 48. Kf3 Nd6 49. Rh1 Nf7 50. Rg1 Nd6 51. Rc1 Re8 52. Rc3 Rh8 53. Kg2 Rh4 54. Kg3 Rh1 55. Ne6+ Kf7 56. Nc5 Rb1 57. g5 Rxb4 58. gxf6 Kxf6 59. Rc2 Rb1 60.
Kf3 Re1 61. Rb2 Rxe3+ 62. Kxe3 Nc4+ 63. Kf3 Nxb2 64. Nxb7 Nc4 65. Nc5 Nxa5 66. Nxa6 Nc4 67. Nb4 Na5 68. Nd3 Nb3 69. Ke3 Ke6 70. Ne5 c5 71. dxc5 Nxc5 72. Nxg6 Nd7 73. Kd4 Nf6 74. Nh4 Nh5 75. f5+ Kf6 76. Kxd5 Ng3 77. Kd4 Nxf5+ 1/2-1/2

[Event "Late-Titled-Tuesday-Blitz-May-28-2024"]
[Site "Chess.com"]
[Date "2024.05.28"]
[Round "5"]
[White "TokChess"]
[Black "2L8IWUN"]
[Result "1-0"]
[WhiteElo "2504"]
[BlackElo "2170"]
[TimeControl "180+1"]
[EndTime "14:57:18 PDT"]
[Termination "TokChess won by resignation"]

1. d4 Nf6 2. Bg5 e6 3. e4 h6 4.
Bxf6 Qxf6 5. e5 Qd8 6. c3 d5 7. exd6 Bxd6 8. Nf3 O-O 9. Bd3 Nc6 10. O-O e5 11. d5 Ne7 12. c4 c6 13. dxc6 Nxc6 14. Nc3 Re8 15. Re1 b6 16. Be4 Bb7 17. Qd2 Bb4 18. Qe3 Bc5 19. Qc1 Na5 20. Bxb7 Nxb7 21.
Qc2 f6 22. Rad1 Qe7 23. Nd5 Qf7 24. b4 Bf8 25. Nh4 Rac8 26. Nf5 Red8 27. Qe4 Nd6 28. Nxd6 Rxd6 29. b5 Rdd8 30. h4 Bc5 31. g3 Bd4 32. Rxd4 exd4 33. Ne7+ Kh8 34. Nxc8 Rxc8 35. Qxd4 Qxc4 36. Re8+ Kh7 37. Re4 Qxd4 38. Rxd4 Rc5 39. a4 Rc1+ 40. Kg2 Ra1 41. h5 Kg8 42. g4 Kf7 43.
Kg3 Ra3+ 44. f3 Ra2 45. Rc4 Ra3 46. Rc7+ Kg8 47. Rxa7 Kh7 48. Kf4 Ra2 49. Ke4 Ra3 50.
f4 Rc3 51. Ra6 Rc1 52. Rxb6 Rc4+ 53. Kf5 Rxa4 54. Rb7 Rb4 55. b6 Rb5+ 56. Ke6 Rb4 57. Rb8 Rxf4 58. Kd5 Rb4 59. Kc5 Rb1 60. Rd8 Rc1+ 61.
Kb5 Rb1+ 62. Kc6 Rc1+ 63. Kb7 Rb1 64. Rd5 Rb4 65. Kc6 Rxg4 66. b7 Rb4 67. Rb5 Rxb5 68. Kxb5 g6 69. b8=Q gxh5 70. Qf4 Kg6 71. Kc5 f5 72.
Kd5 Kf6 73. Kd4 Kf7 74. Ke5 Ke7 75. Qxf5 1-0

[Event "Late-Titled-Tuesday-Blitz-May-28-2024"]
[Site "Chess.com"]
[Date "2024.05.28"]
[Round "5"]
[White "MusicCityMaster"]
[Black "th3d4rkness"]
[Result "1-0"]
[WhiteElo "2379"]
[BlackElo "2149"]
[TimeControl "180+1"]
[EndTime "14:57:22 PDT"]
[Termination "MusicCityMaster won by resignation"]

1. d4 Nf6 2. c4 e6 3. Nf3 Bb4+ 4. Bd2 c5 5. e3 d5 6. Nc3 cxd4 7. exd4 O-O 8. Bd3 dxc4 9. Bxc4 b6 10. O-O Bb7 11.
Qe2 Nbd7 12. a3 Be7 13. Rfe1 Rc8 14. Bxe6 Bxf3 15. gxf3 fxe6 16. Qxe6+ Rf7 17. Ne4 Nf8 18. Qe5 N6d7 19. Qd5 Nf6 20. Qe5 N8d7 21. Qe6 Nf8 22. Qb3 Nxe4 23. Rxe4 Bf6 24. Bc3 Qd7 25. Kh1 Kh8 26. Rg1 Ng6 27. Reg4 Re7 28. R1g3 Rce8 29. Rh3 Re1+ 30. Bxe1 Rxe1+ 31. Kg2 Qf5 32. Qf7 Qe6 33. Qxg6 Kg8 34. Qxh7+ Kf8 35. Qh8+ Kf7 36. Qh5+ Kf8 37.
Rhg3 Qe2 38. Qh8+ Kf7 39. Rxg7+ Ke6 40. Qe8+ Kd5 41. Qxe2 Rxe2 42. Rxa7 Bxd4 43. Rd7+ Kc5 44. b4+ Kc4 45. Rxd4+ Kxd4 46. Rg6 b5 47. Rg5 Kc4 48. Rc5+ Kb3 49. Rxb5 Kxa3 50. Rb8 Ka4 51. b5 Re7 52. b6 Rg7+ 53. Kf1 Ka5 54. b7 Kb6 55. f4 Rf7 56.
Kg1 Rxf4 57. Kg2 Rg4+ 58. Kf3 Rg7 59. h4 Rf7+ 60. Kg3 Rg7+ 61. Kh3 Rf7 62. Kg4 Rg7+ 63. Kh5 Rf7 64. Kg6 Rxf2 65. h5 Rg2+ 66. Kh7 Kc7 67. Rg8 Rb2 68. b8=Q+ Rxb8 69. Rxb8 Kxb8 70. Kg7 Kc7 71.
h6 Kd7 72. h7 Ke6 73. h8=Q Ke7 74. Qh6 1-0